AoeStats
← Hicox

Black Forest

509517102Analyzed
4v4 RM · 6d ago on Sep 27, 2026· 12m 7s· 8 players
Game mode
Random Map
Map size
Large (8 player)
Population
200
Speed
Normal
Resources
Standard
Victory
Conquest
Starting age
Dark Age
Ending age
Imperial Age
RankedLock teamsTeams togetherTeam positionsShared explorationLock speedFull tech treeHidden civsTurbo modeCheats
Victory
Defeat
🇨🇦 Saxons · Canada
983
+20
🇹🇼 Wei · Taiwan
953
+21
🇨🇦 Spanish · Canada
936
+21
🇨🇦 Wei · Canada
925
+22
🇨🇳 Georgians · China
1078
-22
🇨🇳 Bohemians · China
1076
-22
🇦🇷 Bengalis · Argentina
1065
-21
🇺🇸 Teutons · United States
1015
-19
root
0:53 Loom
12:23 Feudal Age
Elvise177
1:33 Loom
11:56 Feudal Age
Maggie Q
0:30 Loom
11:40 Feudal Age
Hicox
0:51 Loom
NeoZenith
12:35 Feudal Age
cargoyle
11:54 Loom
13:46 Feudal Age
Masolas
1:41 Loom
11:35 Feudal Age
hamelnkai
0:33 Loom
0:39 Loom
Connection lost

Rejoining the realm…

Still unreachable

The connection could not be restored.

Session expired

The server has moved on; the page needs a fresh start.